AoeStats
← Tykki

Oasis

509922109Analyzed
4v4 RM · 3d ago on Sep 28, 2026· 54m 54s· 8 players
Game mode
Random Map
Map size
Large (8 player)
Population
200
Speed
Normal
Resources
Standard
Victory
Conquest
Starting age
Dark Age
Ending age
Imperial Age
RankedLock teamsTeams togetherTeam positionsShared explorationLock speedFull tech treeHidden civsTurbo modeCheats
Victory
Defeat
🇫🇮 Mongols · Finland
1049
+17
🇨🇦 Romans · Canada
1044
+17
🇬🇧 Chinese · United Kingdom
1039
+17
🇨🇳 Bohemians · China
1018
+18
🇳🇱 Tatars · Netherlands
1092
-19
🇩🇪 Danes · Germany
1078
-18
🇫🇮 Cumans · Finland
1065
-17
🇮🇪 Celts · Ireland
1012
-27
fifox58
0:36 Loom
11:39 Feudal Age
13:21 Wheelbarrow
15:51 Castle Age
13:36 Horse Collar
13:45 Double-Bit Axe
14:50 Stone Mining
20:32 Gold Mining
22:09 Bow Saw
22:01 Fletching
24:54 Ballistics
25:21 Gold Shaft Mining
25:37 Hand Cart
26:11 Bodkin Arrow
28:09 Padded Archer Armor
30:15 Stone Shaft Mining
30:14 Leather Archer Armor
35:31 Imperial Age
33:55 Thumb Ring
35:35 Elite Chu Ko Nu
36:31 Bracer
38:02 Conscription
38:23 Ring Archer Armor
40:35 Rocketry
w
6:50 Loom
12:15 Feudal Age
14:34 Double-Bit Axe
16:33 Scale Barding Armor
20:50 Horse Collar
25:02 Castle Age
26:40 Bow Saw
26:40 Caravan
28:36 Heavy Plow
29:49 Chemistry
30:08 Pikeman
30:49 Squires
32:20 Padded Archer Armor
34:01 Wheelbarrow
34:40 Leather Archer Armor
38:26 Imperial Age
39:19 Hand Cart
42:48 Conscription
42:36 Wagenburg Tactics
43:26 Forging
43:16 Scale Mail Armor
42:48 Halberdier
44:57 Iron Casting
45:41 Chain Mail Armor
45:49 Ballistics
45:36 Siege Engineers
47:06 Houfnice
49:15 Two-Man Saw
49:19 Blast Furnace
48:49 Plate Mail Armor
48:51 Ring Archer Armor
48:30 Elite Hussite Wagon
52:54 Fletching
55:12 Arson
55:27 Bodkin Arrow
haratass
11:09 Feudal Age
15:01 Castle Age
12:48 Double-Bit Axe
12:50 Horse Collar
16:44 Bloodlines
16:35 Husbandry
19:56 Wheelbarrow
19:45 Fletching
22:28 Loom
25:04 Bodkin Arrow
25:09 Padded Archer Armor
25:34 Ballistics
27:09 Heavy Plow
28:07 Bow Saw
30:13 Hand Cart
31:22 Leather Archer Armor
32:15 Thumb Ring
32:18 Gold Mining
32:21 Stone Mining
34:38 Gold Shaft Mining
37:47 Imperial Age
36:14 Scale Barding Armor
36:19 Forging
36:34 Light Cavalry
37:38 Chain Barding Armor
38:10 Capped Ram
39:13 Conscription
39:15 Drill
39:36 Hoardings
38:25 Hussar
39:10 Bracer
39:46 Iron Casting
38:41 Elite Mangudai
40:43 Chemistry
39:54 Masonry
41:16 Parthian Tactics
40:20 Siege Ram
44:46 Blast Furnace
48:15 Heavy Camel Rider
51:05 Siege Engineers
52:43 Fortified Wall
FredproQc69
0:29 Loom
10:46 Feudal Age
14:22 Man-at-Arms
22:57 Fletching
23:08 Padded Archer Armor
koenee
5:00 Loom
11:53 Feudal Age
12:53 Double-Bit Axe
16:40 Castle Age
15:56 Fletching
16:20 Gold Mining
18:08 Bodkin Arrow
21:01 Horse Collar
25:45 Bow Saw
29:05 Elite Skirmisher
32:09 Heavy Plow
33:50 Wheelbarrow
35:12 Padded Archer Armor
37:18 Leather Archer Armor
39:57 Imperial Age
37:44 Bloodlines
37:15 Light Cavalry
38:40 Scale Barding Armor
40:16 Chain Barding Armor
39:53 Stone Mining
40:52 Hand Cart
41:23 Conscription
41:06 Bracer
42:08 Forging
42:50 Silk Armor
43:39 Plate Barding Armor
44:36 Gold Shaft Mining
44:36 Crop Rotation
43:32 Hussar
45:37 Chemistry
45:42 Husbandry
49:50 Iron Casting
49:47 Ring Archer Armor
fidelplays
6:38 Loom
9:05 Feudal Age
9:08 Man-at-Arms
11:12 Double-Bit Axe
17:24 Horse Collar
21:45 Castle Age
20:49 Loom
23:57 Bow Saw
24:20 Stone Mining
25:22 Wheelbarrow
26:09 Stone Shaft Mining
27:47 Gold Mining
30:03 Hand Cart
33:49 Imperial Age
31:11 Gambesons
31:27 Squires
34:54 Gold Shaft Mining
40:38 Scale Mail Armor
40:49 Forging
Tykki
8:58 Feudal Age
12:32 Bloodlines
17:31 Double-Bit Axe
22:05 Scale Barding Armor
31:08 Castle Age
31:25 Wheelbarrow
32:15 Gold Mining
32:37 Bow Saw
33:11 Chain Barding Armor
33:01 Forging
32:52 Loom
33:29 Horse Collar
34:49 Hand Cart
34:17 Elite Skirmisher
35:04 Padded Archer Armor
34:55 Fletching
36:33 Gold Shaft Mining
39:53 Imperial Age
37:39 Thumb Ring
37:52 Leather Archer Armor
37:43 Bodkin Arrow
38:24 Iron Casting
41:14 Plate Barding Armor
40:09 Cavalier
41:21 Ring Archer Armor
41:59 Blast Furnace
43:41 Paladin
50:08 Onager
BlockIOO
7:54 Loom
11:45 Feudal Age
10:03 Loom
16:57 Loom
20:30 Castle Age
18:34 Double-Bit Axe
19:01 Horse Collar
22:39 Bow Saw
22:31 Heavy Plow
22:25 Gold Mining
23:40 Fletching
26:10 Elite Skirmisher
29:19 Padded Archer Armor
32:16 Bodkin Arrow
32:37 Leather Archer Armor
33:07 Sanctity
32:58 Fervor
33:29 Gold Shaft Mining
32:44 Stone Mining
32:50 Stone Mining
33:34 Leather Archer Armor
33:47 Pikeman
34:14 Arson
36:09 Forging
35:59 Scale Mail Armor
39:07 Iron Casting
38:32 Scale Mail Armor
38:57 Sanctity
38:40 Devotion
39:05 Ballistics
38:56 Masonry
39:39 Murder Holes
41:12 Chain Mail Armor
41:35 Wheelbarrow
40:47 Town Watch
44:04 Imperial Age
42:16 Stone Shaft Mining
42:10 Town Patrol
43:05 Hand Cart
47:11 Siege Engineers
48:07 Chemistry
50:40 Ring Archer Armor
51:14 Blast Furnace
50:44 Plate Mail Armor
Connection lost

Rejoining the realm…

Still unreachable

The connection could not be restored.

Session expired

The server has moved on; the page needs a fresh start.